 Dungeon Crawl Stone Soup version 0.19-a0-1568-gdd01aac (webtiles) character file.

88 Amnesiac the Digger (level 4, 0/36 HPs)
             Began as a Deep Dwarf Earth Elementalist on Sept 15, 2016.
             Slain by a worker ant (5 damage)
             ... on level 4 of the Dungeon.
             The game lasted 00:08:17 (2325 turns).

Amnesiac the Digger (Deep Dwarf Earth Elementalist) Turns: 2325, Time: 00:08:17

Health: 0/36       AC:  2    Str: 12    XL:     4   Next: 29%
Magic:  2/8        EV: 12    Int: 16    God:
Gold:   107        SH:  0    Dex: 13    Spells: 3 memorised, 2 levels left

rFire  x . .     SeeInvis .     (no weapon)
rCold  + . .     Gourm    .     c - +0 robe
rNeg   . . .     Faith    .     (no shield)
rPois  .         Spirit   .     (no helmet)
rElec  .         Dismiss  .     (no cloak)
rCorr  .         Reflect  .     (no gloves)
MR     .....     Harm     .     (no boots)
Stlth  ++........               (no amulet)
                                (no ring)
                                t - ring of ice

@: lethally poisoned (0 -> 0), non-regenerating
A: damage resistance, recharge devices, sense surroundings 1, slow regeneration
3
a: Device Recharging


You were on level 4 of the Dungeon.
You were hungry.

You visited 1 branch of the dungeon, and saw 5 of its levels.

You collected 107 gold pieces.

Inventory:

Armour
 c - a +0 robe (worn)
Jewellery
 t - a ring of ice (left hand)
Wands
 d - a wand of heal wounds (4/9)
Scrolls
 g - 3 scrolls of identify
 l - a scroll of magic mapping {unknown}
 n - a scroll of fog {unknown}
 q - 2 scrolls of recharging {unknown}
 u - 2 scrolls of teleportation {unknown}
Potions
 a - a potion of magic {unknown}
 h - a potion of flight {unknown}
 i - a potion of cancellation {unknown}
 j - 2 potions of curing
 o - a potion of degeneration {unknown}
 p - a potion of heal wounds {unknown}
 r - a potion of lignification {unknown}
Books
 e - a book of Geomancy

   Spells                             Type                      Level
   a - Sandblast                      Earth                        1
   b - Passwall                       Transmutation/Earth          2
   c - Stone Arrow                    Conjuration/Earth            3
   d - Petrify                        Transmutation/Earth          4
   e - Lee's Rapid Deconstruction     Earth                        5
Comestibles
 b - a beef jerky
 f - a bread ration
 k - a slice of pizza


   Skills:
 - Level 2.1 Dodging
 - Level 2.4 Stealth
 + Level 2.7 Spellcasting
 - Level 0.8 Transmutations
 * Level 5.8 Earth Magic


You had 2 spell levels left.
You knew the following spells:

 Your Spells              Type           Power        Failure   Level  Hunger
f - Stone Arrow           Conj/Erth      ##....       17%         3    ###....
v - Passwall              Tmut/Erth      ##........   10%         2    ##.....
z - Sandblast             Erth           ###...       1%          1    #......


Dungeon Overview and Level Annotations

Branches:
Dungeon (5/15)
 Temple: D:4-7

Altars:

Annotations:
D:5 Dowan, Duvessa


Innate Abilities, Weirdness & Mutations

You are resistant to damage.
You can recharge devices by infusing magical energy.
You passively map a small area around you.
You do not regenerate.


Message History

The worker ant is heavily wounded.
Casting: Stone Arrow
Confirm with . or Enter, or press ? or * to list all spells.
Aiming: Stone Arrow
Press: ? - help, Shift-Dir - straight line, f/p - worker ant
Aim: a worker ant (heavily wounded)
The stone arrow hits the worker ant.
The worker ant is almost dead.
The worker ant bites you.
* * * LOW HITPOINT WARNING * * *
You are poisoned.
The worker ant poisons you!
Casting: Stone Arrow
Confirm with . or Enter, or press ? or * to list all spells.
You don't have enough magic to cast that spell.
Casting: Stone Arrow
Confirm with . or Enter, or press ? or * to list all spells.
You don't have enough magic to cast that spell.
The worker ant bites you.
You die...

#.# #.#
#.# #.#
###.####.#
#......#.#
##..##.#.#
#..##.#.#
#..##.#.#
#..##.#.#
#.@##.#.#
#.a##.#.#
########
#..##.#.#
#....<.#
#.....#.#
#......##
#.#####.#
#........
#.....#.#
#......##
#####.#.#
#......# *
#.#
#......#
#.#
#......#


You could see a worker ant.

Vanquished Creatures
  2 adders
  2 worms
  2 dart slugs
  An orc (D:3)
  8 bats
  A giant cockroach (D:1)
  6 goblins
  8 hobgoblins
  11 jackals
  4 kobolds
  2 quokkas
  2 frilled lizards
  4 rats
53 creatures vanquished.

Notes
Turn   | Place    | Note
-------+----------+-------------------------------------------
     0 | D:1      | Amnesiac the Deep Dwarf Earth Elementalist began the quest for the Orb.
     0 | D:1      | Reached XP level 1. HP: 15/15 MP: 3/3
   169 | D:1      | Reached XP level 2. HP: 14/22 MP: 0/5
  1055 | D:1      | Reached XP level 3. HP: 25/28 MP: 0/6
  1066 | D:1      | Reached skill level 5 in Earth Magic
  1551 | D:1      | Learned a level 2 spell: Passwall
  1887 | D:3      | Reached XP level 4. HP: 18/36 MP: 4/7
  2153 | D:4      | Learned a level 3 spell: Stone Arrow
  2222 | D:5      | Entered Level 5 of the Dungeon
  2224 | D:5      | Noticed Duvessa
  2224 | D:5      | Noticed Dowan
  2325 | D:4      | Slain by a worker ant

Vault maps used:
D:1:      elethiomel_arrival_infinity_welcomes_careful_drivers
D:2:      kennysheep_cross_bottleneck
D:3:      first_bread, uniq_sigmund
D:4:      lemuel_coloured_pillars_altar
D:5:      kennysheep_mini_moat, grunt_temple_overflow_open, tgw_xom,
          uniq_duvessa, uniq_eustachio

Skill      XL: |  1  2  3 |
---------------+----------+-----
Spellcasting   | 2 |  2.7
Earth Magic    | 5 |  5.8
Dodging        | |  2.1
Stealth        | |  2.4
Transmutations | |  0.8

Action                   |  1- 3 |  4- 6 || total
-------------------------+-------+-------++-------
Melee: Unarmed           |     7 |       ||     7
 Cast: Sandblast         |    81 |    21 ||   102
       Stone Arrow       |       |     3 ||     3
Evoke: Wand              |     1 |       ||     1
  Use: Scroll            |     2 |     1 ||     3
  Eat: Chunk             |     4 |     1 ||     5
Armor: Robe              |    29 |     2 ||    31
Dodge: Dodged            |   100 |     5 ||   105
